 Dungeon Crawl Stone Soup version 0.16.1-28-gcc2312f (webtiles) character file.

168 FlaggTheMystic the Skirmisher (level 5, -4/33 HPs)
             Began as a Gargoyle Berserker on June 5, 2015.
             Was a Believer of Trog.
             Killed by divine providence
             ... invoked by an orc priest
              (11 damage)
             ... on level 3 of the Dungeon.
             The game lasted 00:09:46 (2520 turns).

FlaggTheMystic the Skirmisher (Gargoyle Berserker)  Turns: 2520, Time: 00:09:48

Health: -4/33      AC: 10    Str: 21    XL:     5   Next: 49%
Magic:  5/5        EV: 10    Int:  8    God:    Trog [**....]
Gold:   101        SH:  0    Dex:  9    Spells: 0 memorised, 4 levels left

rFire  . . .     SeeInvis .     a - +1 mace
rCold  . . .     Clarity  .     c - +0 scale mail (curse)
rNeg   + . .     SustAb   .     (no shield)
rPois  ∞         Gourm    .     (no helmet)
rElec  +         Spirit   .     (no cloak)
rCorr  .         Warding  .     (no gloves)
rMut   .         Stasis   .     (no boots)
MR     .....                    (no amulet)
Stlth  ..........               (no ring)
                                (no ring)

@: not resistant to hostile enchantments, extremely unstealthy
A: negative energy resistance 1, electricity resistance, unbreathing,
petrification resistance, rot immunity, AC +4
a: Burn Spellbooks, Berserk, Trog's Hand, Renounce Religion


You were on level 3 of the Dungeon.
You worshipped Trog.
Trog was pleased with you.
You were very hungry.

You visited 1 branch of the dungeon, and saw 3 of its levels.

You collected 101 gold pieces.

Inventory:

Hand weapons
 a - a +1 mace (weapon)
 h - a +0 mace
Armour
 b - a +0 animal skin
 c - a cursed +0 scale mail (worn)
 f - a +0 robe
Scrolls
 g - a scroll of teleportation {unknown}
Potions
 d - a potion of heal wounds {unknown}
 e - a potion of brilliance {unknown}


   Skills:
 + Level 4.1 Fighting
 + Level 4.1 Maces & Flails
 + Level 2.4 Armour
 + Level 3.2 Dodging


You had 4 spell levels left.
You didn't know any spells.

Dungeon Overview and Level Annotations

Branches:
Dungeon (3/15)

Altars:


Innate Abilities, Weirdness & Mutations

You are resistant to torment.
You are immune to poison.
Your stone body is very resilient (AC +4).
You resist negative energy.
You are resistant to electric shocks.
You can survive without breathing.
You are immune to petrification.
You are immune to rotting.


Message History

You sock the goblin!
You kill the goblin!
Trog accepts your kill. The orc hits you but does no damage.
You barely miss the orc. The orc hits you but does no damage.
You barely miss the orc. The orc hits you but does no damage.
You hit the orc.
The orc is moderately wounded.
The orc closely misses you.
You hit the orc.
The orc is almost dead.
The orc hits you with a falchion.
* * * LOW HITPOINT WARNING * * *
You thump the orc!
You kill the orc!
Trog accepts your kill. The adder closely misses you.
The orc priest invokes the aid of Beogh against you.
Something smites you!
You die...

###########)# ...#
#...# #...# #.#
....##...##.....
#.#
$.....#...#.......
#.#
.=....'oo('.b.o[..
#.#
......#b..#.......
#.## ... ##...#
..... #..##.
##(br.# o.[#
##..#####co####
### ##...@Soo##
#########


You could see a centaur, an orc priest, an adder, 2 orcs, a quokka and a bat.

Vanquished Creatures
  An orc wizard (D:3)
  3 gnolls (D:3)
  5 adders
  3 worms (D:3)
  4 giant geckos
  An ooze (D:1)
  3 orcs (D:3)
  5 bats
  A giant cockroach (D:1)
  7 goblins
  5 hobgoblins
  4 kobolds
  A giant newt (D:3)
  6 jackals
  3 rats (D:3)
52 creatures vanquished.

Notes
Turn   | Place    | Note
--------------------------------------------------------------
     0 | D:1      | FlaggTheMystic, the Gargoyle Berserker, began the quest for the Orb.
     0 | D:1      | Reached XP level 1. HP: 14/14 MP: 1/1
   361 | D:1      | Reached XP level 2. HP: 14/19 MP: 2/2
  1123 | D:1      | Reached XP level 3. HP: 20/23 MP: 3/3
  1952 | D:3      | Reached XP level 4. HP: 16/29 MP: 4/4
  2155 | D:3      | Acquired Trog's second power
  2217 | D:3      | Reached skill level 4 in Fighting
  2227 | D:3      | Reached XP level 5. HP: 22/33 MP: 5/5
  2486 | D:3      | Noticed a centaur
  2520 | D:3      | Killed from afar by an orc priest

Action                   |  1- 3 |  4- 6 || total
-------------------------+-------+-------++-------
Melee: Mace              |   139 |    79 ||   218
Invok: Berserk           |     1 |     2 ||     3
  Use: Scroll            |     3 |       ||     3
  Eat: Bread ration      |     1 |       ||     1
       Pizza             |       |     1 ||     1
       Beef jerky        |       |     1 ||     1
